 Dungeon Crawl Stone Soup version 0.31-a0-233-g139696dc86 (webtiles) character file.

Game seed: 4093721416759318138

96 qw the Shooter (level 4, -5/36 HPs)
             Began as a Minotaur Hexslinger on July 9, 2023.
             Slain by a river rat (7 damage)
             ... in a sewer.
             The game lasted 00:00:35 (1374 turns).

qw the Shooter (Minotaur Hexslinger)                Turns: 1374, Time: 00:00:36

Health: -5/36      AC:  4    Str: 13    XL:     4   Next: 41%
Magic:  4/4        EV: 13    Int: 15    God:
Gold:   788        SH:  0    Dex: 20    Spells: 4/5 levels left

rFire   . . .        Y - +2 sling
rCold   x . .        (no shield)
rNeg    . . .        f - +2 animal skin
rPois   .            (helmet restricted)
rElec   .            (no cloak)
rCorr   .            (no gloves)
SInv    .            (no boots)
Will    .....        (no amulet)
Stlth   ++           k - ring of Lujon {rC- Int+5 Dex+6}
HPRegen 0.26/turn    (no ring)
MPRegen 0.09/turn

%: no passive effects
@: no status effects
A: horns 2, retaliatory headbutt
a: no special abilities


You were in a sewer.
You visited 1 branch of the dungeon, and saw 3 of its levels.
You also visited: Sewer.

You collected 788 gold pieces.


Innate Abilities, Weirdness & Mutations

You have a pair of horns on your head.
You reflexively headbutt those who attack you in melee.


   Skills:
 - Level 2.0 Fighting
 + Level 4.8 Ranged Weapons
 - Level 1.0 Armour
 - Level 2.1 Dodging
 - Level 1.0 Spellcasting
 - Level 2.0 Hexes


You had 4 spell levels left.
You knew the following spells:

 Your Spells              Type           Power      Damage    Failure   Level
a - Slow                  Hex            24%        N/A       11%         1

Your spell library contained the following spells:

 Spells                   Type           Power      Damage    Failure   Level
 Inner Flame              Hex/Fire       3%         N/A       43%         3
 Portal Projectile        Hex/Tloc       6%         N/A       43%         3
 Cause Fear               Hex            3%         N/A       71%         4

Inventory:

Hand Weapons
 Y - a +2 sling (weapon)
Armour
 f - a +2 animal skin (worn)
Jewellery
 k - the ring of Lujon (left hand) {rC- Int+5 Dex+6}
   (You acquired it on level 2 of the Dungeon)

   [ring of dexterity]

   Int:       It affects your intelligence (+5).
   Dex:       It affects your dexterity (+6).
   rC:        It makes you vulnerable to cold.
Scrolls
 h - a scroll of identify
Potions
 c - a potion of might
 d - a potion of haste
 e - a potion of ambrosia {unknown}
 i - 2 potions of curing
 j - a potion of magic {unknown}

Dungeon Overview and Level Annotations

Branches:
Dungeon (3/15)              Sewer (1/1)

Altars:


Message History

Moving in this stuff is going to be slow.
Things that are here:
a river rat corpse; a rat corpse A river rat comes into view.
You shoot a sling bullet.
The sling bullet hits the river rat but does no damage.
A river rat comes into view.
You shoot a sling bullet.
The sling bullet closely misses the river rat.
You shoot a sling bullet. The sling bullet hits the river rat.
The river rat is moderately wounded.
The river rat barely misses you.
You shoot a sling bullet. The sling bullet hits the river rat.
The river rat is moderately wounded.
The river rat bites you. The river rat bites you!
You shoot a sling bullet. The sling bullet hits the river rat!
The river rat is almost dead.
The river rat bites you but does no damage.
You shoot a sling bullet. The sling bullet hits the river rat.
You kill the river rat!
You shoot a sling bullet.
The sling bullet hits the river rat but does no damage.
The river rat closely misses you.
You shoot a sling bullet. The sling bullet hits the river rat.
The river rat is lightly wounded.
The river rat bites you!
You shoot a sling bullet. The sling bullet hits the river rat.
The river rat is heavily wounded.
The river rat bites you but does no damage.
The river rat bites you!
You shoot a sling bullet. The sling bullet hits the river rat.
The river rat is severely wounded.
The river rat closely misses you.
You shoot a sling bullet. The sling bullet hits the river rat.
The river rat is severely wounded.
The river rat bites you!
You shoot a sling bullet. The sling bullet hits the river rat.
The river rat is almost dead.
The river rat bites you!
You die...

###.# ##r..#
#@##
####%#######
#\.~.~~.....
#\....~~.%.~
############


You could see a river rat.

Vanquished Creatures
  Robin (D:2)
  2 river rats (Sewer)
  An adder (D:2)
  3 worms (D:3)
  2 dart slugs
  4 ball pythons
  2 endoplasms
  A giant cockroach (D:1)
  12 goblins
  A hobgoblin (D:2)
  A kobold (D:2)
  2 quokkas (D:1)
  5 bats
  5 frilled lizards
  3 rats
45 creatures vanquished.

Notes
Turn   | Place    | Note
-------+----------+-------------------------------------------
     0 | D:1      | qw the Minotaur Hexslinger began the quest for the Orb.
     0 | D:1      | Reached XP level 1. HP: 16/16 MP: 1/1
     0 | D:1      | 0 ||| qw: Version: 0.3-a-51-g015441d
     0 | D:1      | 0 ||| qw: Game counter: 3951
     0 | D:1      | 0 ||| qw: Melee chars always use a shield: true
     0 | D:1      | 0 ||| qw: God list: Okawaru
     0 | D:1      | 0 ||| qw: Allow faded altars: false
     0 | D:1      | 0 ||| qw: Do Orc after clearing Dungeon:15 true
     0 | D:1      | 0 ||| qw: Do second Lair branch before Depths: true
     0 | D:1      | 0 ||| qw: Lair rune preference: random
     0 | D:1      | 0 ||| qw: Goals: Normal
     0 | D:1      | 0 ||| PLANNING D:1-11
    85 | D:1      | Reached skill level 3 in Ranged Weapons
    85 | D:1      | Reached XP level 2. HP: 21/23 MP: 2/2
   370 | D:1      | 370 ||| UPGRADING to +0 ring mail.
   380 | D:1      | 380 ||| DROPPING +0 robe.
   381 | D:1      | 381 ||| READING scroll labelled ZUHOUMEMME.
   426 | D:1      | 426 ||| READING scroll labelled MICERA OCWAI.
   426 | D:1      | Identified a scroll of acquirement
   426 | D:1      | 426 ||| ACQUIRING 655 gold pieces
   426 | D:1      | Acquired 655 gold pieces
   428 | D:1      | 428 ||| READING 2 scrolls labelled IGOUTA BYOFRO.
   429 | D:1      | 429 ||| DROPPING scroll of poison.
   475 | D:2      | Reached XP level 3. HP: 29/29 MP: 3/3
   506 | D:2      | Found a faded altar of an unknown god.
   774 | D:2      | Noticed Robin
   775 | D:2      | Reached skill level 4 in Ranged Weapons
   784 | D:2      | Reached skill level 1 in Armour
   787 | D:2      | Killed Robin
   934 | D:2      | 934 ||| READING scroll of acquirement.
   934 | D:2      | 934 ||| ACQUIRING ring of Lujon {rC- Int+5 Dex+6}
   934 | D:2      | Acquired the ring of Lujon {rC- Int+5 Dex+6}
   936 | D:2      | 936 ||| DROPPING ring of magical power.
  1178 | D:2      | 1178 ||| UPGRADING to +2 animal skin.
  1188 | D:2      | 1188 ||| DROPPING +0 ring mail.
  1189 | D:2      | 1189 ||| UPGRADING to ring of Lujon {rC- Int+5 Dex+6}.
  1190 | D:2      | 1190 ||| READING scroll labelled HOMMA UCOSERAU.
  1191 | D:2      | 1191 ||| READING scroll labelled NOAGALLASYM.
  1192 | D:2      | 1192 ||| DRINKING 2 murky yellow potions.
  1208 | D:3      | 1208 ||| PLANNING SEWER
  1239 | D:3      | Reached XP level 4. HP: 33/36 MP: 4/4
  1264 | D:3      | Found a glowing drain.
  1265 | D:3      | 1265 ||| READING scroll labelled TIVICZUOLO.
  1266 | D:3      | 1266 ||| DRINKING 3 green potions.
  1274 | D:3      | 1274 ||| Stepping ~*~*~tactically~*~*~ (water).
  1276 | D:3      | 1276 ||| Stepping ~*~*~tactically~*~*~ (water).
  1292 | Sewer    | Entered a sewer
  1299 | Sewer    | 1299 ||| Stepping ~*~*~tactically~*~*~ (water).
  1371 | Sewer    | HP: 9/36 [river rat (7)]
  1373 | Sewer    | HP: 2/36 [river rat (8)]
  1374 | Sewer    | Slain by a river rat

Levels and vault maps discovered:
D:1:      minmay_arrival_jagged, layout_basic
D:2:      layout_basic, shapermc_ecumenical_altar_mp_urbaneastern, uniq_robin
D:3:      layout_rooms, cheibrodos_sewer_entry_drain
Sewer:    sewer_co_cracked_pipes

Skill      XL: |  1  2  3 |
---------------+----------+-----
Ranged Weapons | 3 4 |  4.8
Fighting       | 2 |  2.0
Armour         | 1 |  1.0
Dodging        | |  2.1
Spellcasting   | |  1.0
Hexes          | |  2.0

Action                     |  1- 3 |  4- 6 || total
---------------------------+-------+-------++-------
   Fire: Sling             |    96 |    34 ||   130
    Use: Scroll            |     6 |     1 ||     7
         Potion            |     1 |     1 ||     2
 Armour: Robe              |     4 |       ||     4
         Ring mail         |    13 |       ||    13
         Animal skin       |       |     3 ||     3
  Dodge: Dodged            |    42 |     5 ||    47

Table legend:
 A = Non-vault XP
 B = Vault XP
 C = Vault XP percentage of total XP
 D = Non-vault monster count
 E = Vault monster count
 F = Vault count percentage of total count
                 A         B        C        D         E       F
            +---------+---------+-------+---------+---------+-------
      Total |      57 |      81 |  58.7 |      25 |      20 |  44.4
            +---------+---------+-------+---------+---------+-------
        D:1 |      28 |       0 |   0.0 |      15 |       0 |   0.0
        D:2 |      29 |      35 |  54.7 |      10 |      12 |  54.5
        D:3 |       0 |      16 | 100.0 |       0 |       4 | 100.0
      Sewer |       0 |      30 | 100.0 |       0 |       4 | 100.0
            +---------+---------+-------+---------+---------+-------
